 Dungeon Crawl Stone Soup version 0.23.2-1-ga50397a (webtiles) character file.

Game seed: 15146132696617941076

55 Borgoz the Skirmisher (level 3, -1/24 HPs)
             Began as a Gargoyle Monk on May 25, 2019.
             Was a Believer of Okawaru.
             Slain by a worm (5 damage)
             ... on level 3 of the Dungeon.
             The game lasted 00:02:23 (2201 turns).

Borgoz the Skirmisher (Gargoyle Monk)               Turns: 2201, Time: 00:02:24

Health: -1/24      AC:  5    Str: 17    XL:     3   Next: 93%
Magic:  3/3        EV: 13    Int: 10    God:    Okawaru [**....]
Gold:   86         SH:  0    Dex: 12    Spells: 2/2 levels left

rFire    . . .     SeeInvis .   a - +0 mace
rCold    . . .     Gourm    .   (no shield)
rNeg     + . .     Faith    .   b - +0 robe
rPois    ∞         Spirit   .   (no helmet)
rElec    +         Reflect  .   (no cloak)
rCorr    .         Harm     .   (no gloves)
MR       .....                  (no boots)
Stlth    ++........             (no amulet)
HPRegen  0.08/turn              d - +2 ring of strength
MPRegen  0.08/turn              (no ring)

@: no status effects
A: negative energy resistance 1, electricity resistance, unbreathing,
petrification resistance, rot immunity, AC +3
a: Heroism, Renounce Religion


You were on level 3 of the Dungeon.
You worshipped Okawaru.
Okawaru was pleased with you.
You were not hungry.

You visited 1 branch of the dungeon, and saw 3 of its levels.

You collected 86 gold pieces.

Inventory:

Hand Weapons
 a - a +0 mace (weapon)
Armour
 b - a +0 robe (worn)
Jewellery
 d - a +2 ring of strength (left hand)
 h - an uncursed amulet of regeneration {unknown}
 l - a +4 ring of dexterity {unknown}
 r - a +6 ring of intelligence {unknown}
Scrolls
 e - 6 scrolls of identify {unknown}
 f - 2 scrolls of blinking {unknown}
 g - a scroll of enchant armour {unknown}
 j - 2 scrolls of enchant weapon {unknown}
 k - 3 scrolls of fear {unknown}
 o - a scroll of fog {unknown}
Potions
 i - a potion of curing {unknown}
 m - a potion of heal wounds {unknown}
 n - 2 potions of agility {unknown}
 p - a potion of degeneration {unknown}
Comestibles
 c - 4 rations
 q - 2 chunks of flesh


   Skills:
 + Level 3.7 Fighting
 * Level 3.6 Maces & Flails
 + Level 1.2 Armour
 * Level 3.0 Dodging
 - Level 2.1 Stealth


You had 2 spell levels left.
You didn't know any spells.
Your spell library contained the following spells:

 Spells                   Type           Power        Failure   Level  Hunger
 Magic Dart               Conj           #...         36%         1    ##.....
 Blink                    Tloc           N/A          50%         2    ###....
 Call Imp                 Summ           #.......     50%         2    ###....
 Slow                     Hex            #.......     50%         2    ###....
 Conjure Flame            Conj/Fire      #.......     75%         3    ####...
 Mephitic Cloud           Conj/Pois/Air  #.......     75%         3    ####...


Dungeon Overview and Level Annotations

Branches:
Dungeon (3/15)

Altars:
Cheibriados
Okawaru


Innate Abilities, Weirdness & Mutations

You are resistant to torment.
Your stone body is resilient. (AC +3)
You are immune to poison.
You resist negative energy. (rN+)
You are resistant to electric shocks. (rElec)
You can survive without breathing.
You are immune to petrification.
You are immune to rotting.


Message History

The worm closely misses you.
You barely miss the worm.
The worm is lightly wounded.
The worm bites you!
You hit the worm.
The worm is heavily wounded.
You hit the worm.
The worm is heavily wounded.
The worm bites you.
You are too injured to fight recklessly!
You are too injured to fight recklessly!
You are too injured to fight recklessly!
The worm bites you!
* * * LOW HITPOINT WARNING * * *
You hit the worm.
The worm is severely wounded.
You hit the worm but do no damage.
The worm is severely wounded.
The worm bites you.
You die...

#..........####.#
#..#.....#.#
#..##...##.###
....###.###.#.. .##.#
#.# #.#.#
.....###.###.#.#
..........#.#.#######
.#...<..#...w...?....
#.########.@.#### #
#...# ##.## #.# #.#
#.# #.# #.# .#


You could see a worm.

Vanquished Creatures
  An adder (D:2)
  A worm (D:3)
  A dart slug (D:1)
  A leopard gecko (D:3)
  A ball python (D:2)
  3 goblins
  3 hobgoblins (D:1)
  9 jackals
  5 kobolds
  A quokka (D:3)
  7 bats
  A frilled lizard (D:2)
  2 rats (D:1)
  A plant (D:1)
37 creatures vanquished.

Notes
Turn   | Place    | Note
-------+----------+-------------------------------------------
     0 | D:1      | Borgoz the Gargoyle Monk began the quest for the Orb.
     0 | D:1      | Reached XP level 1. HP: 14/14 MP: 1/1
   197 | D:1      | Reached XP level 2. HP: 19/19 MP: 2/2
   713 | D:1      | Reached XP level 3. HP: 23/23 MP: 3/3
  1385 | D:2      | Reached skill level 1 in Armour
  1556 | D:2      | Found a snail-covered altar of Cheibriados.
  1885 | D:2      | Found an iron altar of Okawaru.
  1893 | D:2      | Became a worshipper of Warmaster Okawaru
  1893 | D:2      | Reached * piety under Okawaru
  1893 | D:2      | Reached ** piety under Okawaru
  2201 | D:3      | Slain by a worm

Skill      XL: |  1  2  3 |
---------------+----------+-----
Armour         | 1 |  1.2
Dodging        | 3 |  3.0
Fighting       | |  3.7
Maces & Flails | |  3.6
Stealth        | |  2.1

Action                   || total
-------------------------++-------
Melee: Mace              ||   168
 Stab: Sleeping          ||     3
  Eat: Chunk             ||     4
Armor: Robe              ||    65
Dodge: Dodged            ||   154
